 Dungeon Crawl Stone Soup version 0.29.1-2-gbd0b4ee654 (webtiles) character file.

Game seed: 4240026497960217538

46 GorkyZ the Twirler (level 3, 0/28 HPs)
             Began as a Formicid Gladiator on Nov 21, 2022.
             Succumbed to an adder's poison
             ... on level 3 of the Dungeon.
             The game lasted 00:03:38 (1801 turns).

GorkyZ the Twirler (Formicid Gladiator)             Turns: 1801, Time: 00:03:39

Health: 0/28       AC: 10    Str: 20    XL:     3   Next: 95%
Magic:  3/3        EV:  6    Int:  7    God:
Gold:   152        SH:  0    Dex: 15    Spells: 2/2 levels left

rFire   . . .      SeeInvis +   a - +0 quarterstaff
rCold   . . .      Faith    .   (no shield)
rNeg    . . .      Spirit   .   p - +0 plate armour
rPois   .          Reflect  .   (helmet unavailable)
rElec   .          Harm     .   (no cloak)
rCorr   .          Rampage  .   (no gloves)
Will    .....                   (no boots)
Stlth   ..........              (no amulet)
HPRegen 0.09/turn               (no ring)
MPRegen 0.08/turn               (no ring)

@: lethally poisoned (0 -> -6)
A: permanent stasis, dig shafts and tunnels, antennae 3, four strong arms
a: Dig, Shaft Self


You were on level 3 of the Dungeon.
You visited 1 branch of the dungeon, and saw 3 of its levels.

You collected 152 gold pieces.

Inventory:

Hand Weapons
 a - a +0 quarterstaff (weapon)
 f - a +0 vampiric whip
 h - a +0 hand axe
Missiles
 c - 3 throwing nets (quivered)
 d - 6 javelins
 k - 2 poisoned darts
Armour
 b - a +0 leather armour
 p - a +0 plate armour (worn)
Wands
 m - a wand of iceblast (4)
Scrolls
 i - 2 scrolls of fog {unknown}
 j - 2 scrolls of teleportation {unknown}
 l - a scroll of noise {unknown}
 n - a scroll of fear {unknown}
 o - a scroll of vulnerability {unknown}
 q - 2 scrolls of poison {unknown}
 r - a scroll of blinking {unknown}
 s - a scroll of identify {unknown}
Potions
 e - a potion of ambrosia {unknown}
 g - 2 potions of invisibility {unknown}
 t - 2 potions of heal wounds {unknown}


   Skills:
 + Level 2.7 Fighting
 + Level 3.2 Staves
 + Level 2.3 Throwing
 + Level 0.8 Armour
 + Level 2.9 Dodging
 + Level 1.3 Shields
 + Level 1.0 Evocations


You had 2 spell levels left.
You didn't know any spells.
Your spell library contained the following spells:

 Spells                   Type           Power      Damage    Failure   Level
 Magic Dart               Conj           0%         1d3       100%        1
 Call Imp                 Summ           0%         N/A       100%        2
 Mephitic Cloud           Conj/Pois/Air  0%         N/A       100%        3


Dungeon Overview and Level Annotations

Branches:
Dungeon (3/15)

Altars:
Cheibriados


Innate Abilities, Weirdness & Mutations

You cannot be hasted, slowed, berserked, paralysed or teleported.
You can dig through walls and to a lower floor.
You have a pair of large antennae on your head. (SInv)
Your four strong arms can wield two-handed weapons with a shield.


Message History

You miss the adder.
The adder is heavily wounded.
You feel sick. The adder bites you but does no damage.
You completely miss the adder.
The adder is heavily wounded.
You feel sick.
The adder bites you but does no damage. x2
You closely miss the adder.
The adder is heavily wounded.
You feel sick. The adder bites you but does no damage.
You closely miss the adder.
The adder is heavily wounded.
You feel sick.
You are no longer poisoned.
The adder barely misses you. The adder bites you.
You are poisoned.
The adder poisons you!
You hit the adder.
The adder is almost dead.
You feel sick. The adder bites you.
You are more poisoned.
The adder poisons you!
You closely miss the adder.
The adder is almost dead.
You feel sick. The adder bites you.
* * * LOW HITPOINT WARNING * * *
You are lethally poisoned!
The adder poisons you! The adder bites you but does no damage.
You hit the adder but do no damage.
The adder is almost dead.
* * * LOW HITPOINT WARNING * * *
You feel very sick. The adder bites you but does no damage.
You miss the adder.
The adder is almost dead.
* * * LOW HITPOINT WARNING * * *
You feel very sick. The adder closely misses you.
The adder bites you but does no damage.
You closely miss the adder.
The adder is almost dead.
You die...

#.....#...
#.....#..# ###
#.....#..#$...
###.....#..#..$.
................
#........####..
##.#<#.........
#.####.######.#.
#.....@.........
#.####S#.####.##
#$#<.....#
..######## .#..
#$### #


You could see an adder.

Vanquished Creatures
  An adder (D:2)
  A worm (D:2)
  A dart slug (D:1)
  3 ball pythons (D:1)
  2 endoplasms
  3 giant cockroaches
  3 goblins
  A hobgoblin (D:1)
  2 jackals (D:1)
  3 quokkas
  4 bats (D:1)
  2 frilled lizards
  3 kobolds (D:1)
  A rat (D:1)
30 creatures vanquished.

Notes
Turn   | Place    | Note
-------+----------+-------------------------------------------
     0 | D:1      | GorkyZ the Formicid Gladiator began the quest for the Orb.
     0 | D:1      | Reached XP level 1. HP: 16/16 MP: 1/1
   215 | D:1      | Found a faded altar of an unknown god.
   233 | D:1      | Reached XP level 2. HP: 17/22 MP: 2/2
   879 | D:1      | Reached skill level 1 in Shields
   949 | D:1      | Reached XP level 3. HP: 28/28 MP: 3/3
  1310 | D:2      | Found a snail-covered altar of Cheibriados.
  1622 | D:2      | Reached skill level 1 in Evocations
  1801 | D:3      | Succumbed to an adder's poison

Illustrated notes

Levels and vault maps discovered:
D:1:      tarquinn_simple_flora_water_f, layout_basic,
          shapermc_ecumenical_altar_mp_ritualfount, minivault_26
D:2:      layout_rooms, basic_altar
D:3:      layout_basic, xom_redecorated, cheibrodos_sewer_entry_drain

Skill      XL: |  1  2  3 |
---------------+----------+-----
Shields        | 1 |  1.3
Evocations     | 1 |  1.0
Fighting       | |  2.7
Staves         | |  3.2
Throwing       | |  2.3
Armour         | |  0.8
Dodging        | |  2.9

Action                   || total
-------------------------++-------
Melee: Quarterstaff      ||   114
       Punch             ||     1
 Stab: Sleeping          ||     1
Armor: Leather armour    ||    19
       Plate armour      ||    23
Dodge: Dodged            ||    69
